 Dungeon Crawl Stone Soup version 0.29.1-12-g30fa7ad0bf (webtiles) character file.

Game seed: 3982331744320022922

45 suse60 the Trooper (level 3, -7/33 HPs)
             Began as a Formicid Fighter on Dec 28, 2022.
             Mangled by Terence
             ... wielding a +0 hand axe
              (8 damage)
             ... on level 2 of the Dungeon.
             The game lasted 00:08:39 (2317 turns).

suse60 the Trooper (Formicid Fighter)               Turns: 2317, Time: 00:08:39

Health: -7/33      AC:  6    Str: 22    XL:     3   Next: 90%
Magic:  3/3        EV:  9    Int:  7    God:
Gold:   36         SH:  5    Dex: 13    Spells: 2/2 levels left

rFire   + . .      SeeInvis +   i - +1 hand axe of Narrow Integrity {venom, rF+}
rCold   . . .      Faith    .   c - +0 buckler
rNeg    . . .      Spirit   .   b - +0 scale mail
rPois   .          Reflect  .   (helmet unavailable)
rElec   .          Harm     .   (no cloak)
rCorr   .          Rampage  .   (no gloves)
Will    .....                   (no boots)
Stlth   ..........              (no amulet)
HPRegen 0.11/turn               (no ring)
MPRegen 0.08/turn               (no ring)

@: mighty
A: permanent stasis, dig shafts and tunnels, antennae 3, four strong arms
a: Dig, Shaft Self


You were on level 2 of the Dungeon.
You visited 1 branch of the dungeon, and saw 2 of its levels.

You collected 36 gold pieces.

Inventory:

Hand Weapons
 i - the +1 hand axe of Narrow Integrity (weapon) {venom, rF+}
   (You found it on level 2 of the Dungeon)

   It poisons the flesh of those it strikes.
   rF:        It protects you from fire.
Armour
 b - a +0 scale mail (worn)
 c - a +0 buckler (worn)
Scrolls
 e - a scroll of blinking {unknown}
Potions
 a - a potion of lignification {unknown}
 f - a potion of magic {unknown}
 g - 2 potions of brilliance {unknown}
 h - a potion of curing {unknown}
 j - a potion of invisibility {unknown}


   Skills:
 + Level 5.0 Fighting
 - Level 2.0 Axes
 - Level 3.2 Armour
 - Level 4.0 Shields


You had 2 spell levels left.
You didn't know any spells.
Your spell library was empty.

Dungeon Overview and Level Annotations

Branches:
Dungeon (2/15)

Altars:

Shops:
D:1 (

Annotations:
D:2 Terence


Innate Abilities, Weirdness & Mutations

You cannot be hasted, slowed, berserked, paralysed or teleported.
You can dig through walls and to a lower floor.
You have a pair of large antennae on your head. (SInv)
Your four strong arms can wield two-handed weapons with a shield.


Message History

A rat comes into view.
You hit the rat but do no damage. You block the rat's attack.
You slash the rat!
You kill the rat!
Your Fighting skill increases to level 5!
e - a scroll labelled EWUNUN XERCH
g - 2 clear potions (gained 1)
A quokka comes into view.
You slash the quokka!
You kill the quokka!
Found a stone staircase leading down.
There is an open door here.
Terence the Incautious comes into view.
He is wielding a +0 hand axe.
Terence shouts!
You hear an angry hiss.
Terence drinks a potion.
Terence goes berserk!
Terence hits you with a +0 hand axe.
You hear an angry hiss.
You slash Terence!
Terence is poisoned.
Terence is moderately wounded.
Terence hits you with a +0 hand axe.
A ball python comes into view.
Terence barely misses you.
You barely miss Terence.
Terence is moderately wounded.
Terence hits you with a +0 hand axe! Terence barely misses you.
Terence rages.
Terence hits you with a +0 hand axe. Terence hits you but does no damage.
Terence rages.
A kobold comes into view. It is wielding a +0 club.
Terence hits you with a +0 hand axe!
* * * LOW HITPOINT WARNING * * *
You feel very mighty all of a sudden. Terence hits you with a +0 hand axe.
* * * LOW HITPOINT WARNING * * *
You slash Terence!
Terence looks as sick as possible!
Terence is almost dead.
Terence hits you with a +0 hand axe!
You die...

................# #.....#
..#####.........####.....###
..### #.........##..........
....# #..#+#'#####.#....S...
....####.#.#.#####K###.###P#
..................S# ..
....####.....#.....# .#
....# ###.#.#..@..# .. ....#
#.#.+..@..# .# ....#
#.#.#.....# P ....#
#.#.#.....# ....#
#.#.#.....# #####
#.#.#.....# #.#.#.....#
#.#.#.....# #.#.#.....#
#.#.#


You could see Terence (berserk, extremely poisoned), a ball python and a kobold.

Vanquished Creatures
  Robin (D:2)
  A dart slug (D:1)
  3 ball pythons (D:1)
  2 bats (D:1)
  2 endoplasms (D:2)
  A giant cockroach (D:1)
  2 hobgoblins
  2 quokkas
  3 frilled lizards
  10 goblins
  A kobold (D:1)
  3 rats
31 creatures vanquished.

Vanquished Creatures (others)
  2 plants (D:2)
2 creatures vanquished.

Grand Total: 33 creatures vanquished

Notes
Turn   | Place    | Note
-------+----------+-------------------------------------------
     0 | D:1      | suse60 the Formicid Fighter began the quest for the Orb.
     0 | D:1      | Reached XP level 1. HP: 18/18 MP: 1/1
    76 | D:1      | Found Eliobu's Weapon Shop.
   456 | D:1      | Reached XP level 2. HP: 25/25 MP: 2/2
   502 | D:1      | Reached skill level 4 in Fighting
  1386 | D:2      | Noticed Robin
  1400 | D:2      | Reached XP level 3. HP: 22/31 MP: 3/3
  1731 | D:2      | Killed Robin
  1977 | D:2      | Identified the +1 hand axe of Narrow Integrity {venom, rF+}
  2156 | D:2      | Reached skill level 5 in Fighting
  2304 | D:2      | Noticed Terence
  2316 | D:2      | HP: 1/33 [Terence/+0 hand axe (2)]
  2317 | D:2      | Mangled by Terence

Illustrated notes

Levels and vault maps discovered:
D:1:      heliophobic_arrival_glass_houses, layout_loops_corners, serial_shops,
          nicolae_shop_waterfront, minmay_misc_feat_diagonals,
          amcnicky_mini_corridor_feature, chequers_serial_rivers_large_a,
          chequers_serial_rivers_room_a, nicolae_figureground_pulse
D:2:      layout_basic, shapermc_ecumenical_altar_mp_urbaneastern, uniq_terence,
          uniq_robin

Skill      XL: |  1  2  3 |
---------------+----------+-----
Fighting       | 4 5 |  5.0
Axes           | |  2.0
Armour         | |  3.2
Shields        | |  4.0

Action                   || total
-------------------------++-------
Melee: War axe           ||    85
       Hand axe          ||    11
  Use: Scroll            ||     8
       Potion            ||     1
Armor: Scale mail        ||    28
Dodge: Dodged            ||    41
Block: Buckler           ||    21
